 Dungeon Crawl Stone Soup version 0.20-a0-1039-gf554463 (console) character file.

215 nht the Cutter (level 6, 0/39 HPs)
             Began as a Halfling Wanderer on Apr 22, 2017.
             Succumbed to a worker ant's poison
             ... on level 4 of the Dungeon.
             The game lasted 00:03:48 (2530 turns).

nht the Cutter (Halfling Wanderer)                  Turns: 2530, Time: 00:03:49

Health: 0/39       AC:  2    Str: 13    XL:     6   Next: 15%
Magic:  6/6        EV: 13    Int:  9    God:
Gold:   66         SH:  0    Dex: 20    Spells: 5/5 levels left

rFire    . . .     SeeInvis .   a - +2 dagger
rCold    . . .     Gourm    .   (shield restricted)
rNeg     . . .     Faith    .   e - +0 robe
rPois    .         Spirit   .   (no helmet)
rElec    .         Reflect  .   (no cloak)
rCorr    .         Harm     .   (no gloves)
MR       .....                  (no boots)
Stlth    ++++......             (no amulet)
Regen    0.2/turn               s - +3 ring of dexterity
MPRegen  0.1/turn               (no ring)

@: lethally poisoned (0 -> -1)
A: mutation resistance 1
a: no special abilities


You were on level 4 of the Dungeon.
You were not hungry.

You visited 1 branch of the dungeon, and saw 5 of its levels.

You collected 66 gold pieces.

Inventory:

Hand Weapons
 a - a +2 dagger (weapon)
 c - a +0 short sword
Missiles
 d - 5 steel tomahawks (quivered)
 g - 5 curare-tipped needles
Armour
 e - a +0 robe (worn)
Jewellery
 s - a +3 ring of dexterity (left hand)
Scrolls
 b - a scroll of blinking
 h - 2 scrolls of remove curse {unknown}
 i - 4 scrolls of identify {unknown}
 j - 3 scrolls of teleportation {unknown}
 q - a scroll of amnesia {unknown}
Comestibles
 f - a bread ration
 k - 2 meat rations
 l - a fruit
 m - 2 royal jellies


   Skills:
 - Level 1.7 Fighting
 + Level 6.6 Short Blades
 - Level 1.0 Throwing
 - Level 6.5 Stealth
 - Level 1.0 Unarmed Combat


You had 5 spell levels left.
You didn't know any spells.

Dungeon Overview and Level Annotations

Branches:
Dungeon (5/15)
 Temple: D:4-7

Altars:


Innate Abilities, Weirdness & Mutations

You are small and have problems with some larger weapons.
You are somewhat resistant to further mutation.


Message History

You feel sick.
* * * LOW HITPOINT WARNING * * *
You feel sick.
There is a stone staircase leading down here.
You climb downwards.
* * * LOW HITPOINT WARNING * * *
You feel sick.
Found 3 fruits and 13 gold pieces.
There is a stone staircase leading up here.
A dart slug comes into view.
Found a scroll labeled FICSEITIC.
* * * LOW HITPOINT WARNING * * *
You feel sick.
There is a stone staircase leading up here.
You climb upwards.
There is a stone staircase leading down here.
* * * LOW HITPOINT WARNING * * *
You feel sick.
A dart slug comes into view.
You die... ............█....█ ..........███.█..█ ██████.██.... █..██ █ .█ ████

█...█ █ .█
█...████████
. ..
█.>.........
█...████████
██..........
█@████.....
█.█ ...
█.....w█ .
█......█
█......█
█......█
█......+
█......█
█......█


There were no monsters in sight!

Vanquished Creatures
  An ogre (D:4)
  An orc wizard (D:4)
  A worker ant (D:4)
  An adder (D:2)
  An ooze (D:1)
  A worm (D:3)
  A dart slug (D:2)
  2 leopard geckos
  6 orcs
  10 bats
  4 giant cockroaches
  2 goblins (D:2)
  5 hobgoblins
  5 jackals (D:1)
  A ball python (D:4)
  3 frilled lizards (D:2)
  4 kobolds
  5 rats
54 creatures vanquished.

Vanquished Creatures (others)
  A hobgoblin (D:3)
1 creature vanquished.

Grand Total: 55 creatures vanquished

Notes
Turn   | Place    | Note
-------+----------+-------------------------------------------
     0 | D:1      | nht the Halfling Wanderer began the quest for the Orb.
     0 | D:1      | nht set off with: a +2 dagger, a scroll of blinking, a +0 short sword, a potion of curing, a +0 robe, a bread ration
     0 | D:1      | Reached XP level 1. HP: 14/14 MP: 1/1
    10 | D:1      | Reached skill level 1 in Short Blades
    26 | D:1      | Reached XP level 2. HP: 14/19 MP: 2/2
   390 | D:1      | Reached XP level 3. HP: 13/24 MP: 3/3
   960 | D:2      | Reached XP level 4. HP: 27/29 MP: 4/4
  1846 | D:4      | HP: 1/29 [leopard gecko (5)]
  2123 | D:4      | Reached skill level 5 in Short Blades
  2123 | D:4      | Reached XP level 5. HP: 34/34 MP: 5/5
  2347 | D:4      | Noticed an ogre
  2366 | D:4      | Killed an ogre
  2366 | D:4      | Reached XP level 6. HP: 39/39 MP: 6/6
  2519 | D:5      | Entered Level 5 of the Dungeon
  2522 | D:5      | HP: 1/39 [poisoned by a worker ant]
  2530 | D:4      | Succumbed to a worker ant's poison

Vault maps used:
D:1:      erik_arrival_blinker_ship
D:3:      nemelex_altar_shiori, lemuel_round_altar, first_bread
D:4:      sigmund_edmund_badplayer, uniq_robin, uniq_grinder
D:5:      cheibrodos_helix_gallery, nicolae_overflow_crystal_walls,
          kennysheep_little_box, basic_altar, minmay_crystal_room

Skill      XL: |  1  2  3  4  5 |
---------------+----------------+-----
Short Blades   | 1 3 5 6 |  6.6
Fighting       | |  1.7
Throwing       | |  1.0
Stealth        | |  6.5
Unarmed Combat | |  1.0

Action                   |  1- 3 |  4- 6 || total
-------------------------+-------+-------++-------
Melee: Dagger            |    78 |   105 ||   183
       Punch             |       |     1 ||     1
Throw: Tomahawk          |       |     2 ||     2
  Use: Potion            |       |     6 ||     6
 Stab: Sleeping          |     8 |     9 ||    17
       Invisible         |       |     2 ||     2
  Eat: Chunk             |       |     5 ||     5
Armor: Robe              |    18 |    10 ||    28
       Skin              |       |     1 ||     1
Dodge: Dodged            |    41 |    64 ||   105
